 Seeded DCSS version 0.26.1-2-gb8aa6d0cf2 (webtiles) character file.

Game seed: 11078492930485343510 (custom seed)

433602 rocky1 the Warrior (level 23, -22/137 HPs)
             Began as a Gargoyle Fighter on Mar 15, 2021.
             Was an Elder of Qazlal.
             Killed from afar by a deep elf annihilator (62 damage)
             ... with a crystal spear
             ... on level 5 of the Vaults on Mar 17, 2021.
             The game lasted 04:06:18 (51491 turns).

rocky1 the Warrior (Gargoyle Fighter)              Turns: 51491, Time: 04:06:19

Health: -22/137    AC: 45    Str: 36    XL:     23   Next: 96%
Magic:  2/36       EV: 19    Int: 13    God:    Qazlal [****..]
Gold:   2714       SH: 26    Dex: 14    Spells: 22/22 levels left

rFire    + + +     SeeInvis +   b - +8 eveningstar of Puxtei {holy, rPois Int+4}
rCold    + + .     Faith    .   F - +0 kite shield of Festuenk {rF+ rC+}
rNeg     + + +     Spirit   .   G - +0 ice dragon scales of the Turtle {*Drain rElec rF- rC++ Str+6 Stlth+}
rPois    ∞         Reflect  +   K - +1 helmet of Xigos {rF+ Int+4 Dex+4}
rElec    +         Harm     .   t - scarf {+Inv}
rCorr    .         Rampage  .   v - +2 pair of gloves
Will     ++++.     Clarity  +   y - +2 pair of boots
Stlth    +.........             X - amulet "Baim" {Reflect +Blink Will++ Int-4 Slay+6 SH+5}
HPRegen  0.32/turn              r - ring of Vouvim {rPois rF+++ rC- rN++ Str-5}
MPRegen  0.25/turn              C - ring of Izoaguax {rN+ Will+ Str+6}

@: repel missiles
A: big wings, iridescent scales 1, see invisible, clarity, frail 1, negative
energy resistance 1, electricity resistance, unbreathing, petrification
resistance, no potion heal 1, miasma immunity, MP-powered wands, AC +17
}: 2/15 runes: decaying, serpentine
a: Fly, Renounce Religion, Evoke Blink, Evoke Invisibility, Upheaval, Elemental
Force


You were on level 5 of the Vaults.
You worshipped Qazlal.
Qazlal was greatly pleased with you.
You visited 8 branches of the dungeon, and saw 40 of its levels.
You also visited: Bailey, Gauntlet, Ice Cave and Wizlab.

You collected 6731 gold pieces.
You spent 4017 gold pieces at shops.

Inventory:

Hand Weapons
 a - the +7 war axe of Amorality {flame, Int+3}
   (You found it on level 7 of the Dungeon)

   It has been specially enchanted to burn those struck by it, causing extra
   injury to most foes and up to half again as much damage against particularly
   susceptible opponents.
   Big, fiery blades are also staple armaments of hydra-hunters.
   It affects your intelligence (+3).
 b - the +8 eveningstar of Puxtei (weapon) {holy, rPois Int+4}
   (You acquired it on level 1 of the Lair of Beasts)

   It has been blessed by the Shining One to cause great damage to the undead
   and demons.
   It affects your intelligence (+4).
   It protects you from poison.
Missiles
 i - 7 javelins (quivered)
 H - 20 silver javelins
Armour
 t - a scarf of invisibility (worn)
 v - a +2 pair of gloves (worn)
 y - a +2 pair of boots (worn)
 F - the +0 kite shield of Festuenk (worn) {rF+ rC+}
   (You took it off Asterion on level 3 of the Vaults)

   It protects you from fire.
   It protects you from cold.
 G - the +0 ice dragon scales of the Turtle (worn) {*Drain rElec rF- rC++ Str+6 Stlth+}
   (You found it in an ice cave)

   It affects your strength (+6).
   It makes you vulnerable to fire.
   It greatly protects you from cold.
   It insulates you from electricity.
   It causes draining when unequipped.
   It makes you more stealthy.
 K - the +1 helmet of Xigos (worn) {rF+ Int+4 Dex+4}
   (You found it on level 3 of the Vaults)

   It affects your intelligence (+4).
   It affects your dexterity (+4).
   It protects you from fire.
Jewellery
 r - the ring of Vouvim (left hand) {rPois rF+++ rC- rN++ Str-5}
   (You found it in a Gauntlet)

   [ring of poison resistance]

   It affects your strength (-5).
   It renders you almost immune to fire.
   It makes you vulnerable to cold.
   It protects you from poison.
   It greatly protects you from negative energy.
 C - the ring of Izoaguax (right hand) {rN+ Will+ Str+6}
   (You bought it in a shop on level 2 of the Vaults)

   [ring of willpower]

   It affects your strength (+6).
   It protects you from negative energy.
   It affects your willpower, your defense against some magical effects.
 X - the amulet "Baim" (around neck) {Reflect +Blink Will++ Int-4 Slay+6 SH+5}
   (You took it off a guardian mummy on level 3 of the Crypt)

   [amulet of reflection]

   It shields you and reflects attacks.
   It affects your intelligence (-4).
   It affects your accuracy and damage with ranged weapons and melee attacks
   (+6).
   It affects your willpower, your defense against some magical effects.
   It lets you blink.
   It affects your SH (+5).
Wands
 h - a wand of digging (13)
 s - a wand of acid (9)
 J - a wand of disintegration (46)
 P - a wand of paralysis (31)
Scrolls
 d - 3 scrolls of identify
 e - a scroll of enchant armour
 k - 7 scrolls of fog
 m - 5 scrolls of blinking
 o - a scroll of enchant weapon
 q - 16 scrolls of teleportation
 u - a scroll of silence
 A - a scroll of remove curse
 W - a scroll of fear
Potions
 g - 2 potions of ambrosia
 l - 4 potions of magic
 n - 3 potions of berserk rage
 p - 5 potions of resistance
 w - 3 potions of mutation
 x - 19 potions of curing
 z - a potion of haste
 M - 2 potions of invisibility
 N - a potion of cancellation
 T - 4 potions of might
Miscellaneous
 c - a lightning rod (4/4)
 f - a tin of tremorstones (2/2)
 L - a phial of floods
 U - a condenser vane


   Skills:
 + Level 18.7 Fighting
 + Level 10.8(14.0) Axes
 - Level 15.8(17.1) Maces & Flails
 - Level 0.1 Slings
 + Level 17.2 Armour
 + Level 13.6 Dodging
 + Level 16.0 Shields
 + Level 18.0 Invocations
 + Level 14.3 Evocations


You had 22 spell levels left.
You didn't know any spells.
Your spell library contained the following spells:

 Spells                   Type           Power        Failure   Level
 Animate Skeleton         Necr           0%           45%         1
 Beastly Appendage        Tmut           0%           45%         1
 Corona                   Hex            0%           45%         1
 Foxfire                  Conj/Fire      0%           45%         1
 Magic Dart               Conj           0%           45%         1
 Pain                     Necr           0%           45%         1
 Shock                    Conj/Air       0%           45%         1
 Call Imp                 Summ           0%           58%         2
 Ensorcelled Hibernation  Hex/Ice        0%           58%         2
 Searing Ray              Conj           0%           58%         2
 Slow                     Hex            0%           58%         2
 Wereblood                Tmut           0%           58%         2
 Call Canine Familiar     Summ           0%           83%         3
 Confusing Touch          Hex            0%           83%         3
 Conjure Flame            Conj/Fire      0%           83%         3
 Dazzling Flash           Conj/Hex       0%           83%         3
 Inner Flame              Hex/Fire       0%           83%         3
 Portal Projectile        Hex/Tloc       0%           83%         3
 Spider Form              Tmut/Pois      0%           83%         3
 Static Discharge         Conj/Air       0%           83%         3
 Tukima's Dance           Hex            0%           83%         3
 Vampiric Draining        Necr           0%           83%         3
 Animate Dead             Necr           0%           99%         4
 Cause Fear               Hex            0%           99%         4
 Fulminant Prism          Conj/Hex       0%           99%         4
 Ice Form                 Ice/Tmut       0%           99%         4
 Iskenderun's Mystic Bla  Conj/Tloc      0%           99%         4
 Leda's Liquefaction      Hex/Erth       0%           99%         4
 Sticky Flame             Conj/Fire      0%           99%         4
 Summon Ice Beast         Ice/Summ       0%           99%         4
 Summon Lightning Spire   Summ/Air       0%           99%         4
 Agony                    Necr           0%           100%        5
 Blade Hands              Tmut           0%           100%        5
 Bolt of Magma            Conj/Fire/Erth 0%           100%        5
 Fireball                 Conj/Fire      0%           100%        5
 Irradiate                Conj/Tmut      0%           100%        5
 Iskenderun's Battlesphe  Conj           0%           100%        5
 Silence                  Hex/Air        0%           100%        5
 Summon Demon             Summ           0%           100%        5
 Summon Forest            Summ/Tloc      0%           100%        5
 Summon Mana Viper        Hex/Summ       0%           100%        5
 Conjure Ball Lightning   Conj/Air       0%           100%        6
 Hydra Form               Tmut           0%           100%        6
 Iron Shot                Conj/Erth      0%           100%        6
 Shadow Creatures         Summ           N/A          100%        6
 Dragon Form              Tmut           0%           100%        7
 Summon Hydra             Summ           0%           100%        7
 Dragon's Call            Summ           0%           100%        9
 Shatter                  Erth           0%           100%        9
 Tornado                  Air            0%           100%        9
 Statue Form              Tmut/Erth      Unusable     N/A         6

Dungeon Overview and Level Annotations

Branches:
Dungeon (15/15)            Temple (1/1) D:4            Lair (6/6) D:8
  Swamp (4/4) Lair:3        Snake (4/4) Lair:4        Slime (0/5) Lair:5
    Orc (2/2) D:11            Elf (0/3) Orc:2        Vaults (5/5) D:14
  Crypt (3/3) Vaults:3       Tomb (0/3) Crypt:3      Depths (0/5) D:15
 Bailey (visited)           IceCv (visited)          WizLab (visited)
Gauntlet (visited)

Altars:
Ashenzari
Cheibriados
Dithmenos
Elyvilon
Fedhas
Gozag
Hepliaklqana
Kikubaaqudgha
Makhleb
Nemelex Xobeh
Okawaru
Qazlal
Ru
Sif Muna
Trog
Uskayaw
Vehumet
Wu Jian
Xom
Yredelemnul
Zin
The Shining One
Beogh
Jiyva
Lugonu

Shops:
D:4 *   D:7 [   D:8 *   D:12 }   D:13 *   Orc:2 *[(:   Snake:4 }}=   Vaults:1 *
Vaults:2 =[=

Portals:
Trove: D:14 (give +2 gold dragon scales)


Innate Abilities, Weirdness & Mutations

You are resistant to torment.
Your stone body is resilient. (AC +17)
You are immune to poison.
Your large and strong wings let you fly indefinitely.
You resist negative energy. (rN+)
You are resistant to electric shocks. (rElec)
You can survive without breathing.
You are immune to petrification.
You are immune to miasma.
You are partially covered in iridescent scales. (AC +2)
You have supernaturally acute eyesight. (SInv)
You possess an exceptional clarity of mind.
You are frail. (-10% HP)
Potions are less effective at restoring your health.
You expend magic power (3 MP) to strengthen your wands.


Message History

The ironheart preserver is severely wounded.
You hear a shout!
You completely miss the ironheart preserver.
The ironheart preserver is severely wounded.
The deep elf annihilator casts a spell.
The deep elf annihilator blinks!
The ironheart preserver is engulfed in freezing vapours.
The ironheart preserver casts a spell.
The ironheart preserver is healed somewhat.
You bludgeon the ironheart preserver!!
The ironheart preserver is almost dead.
You puncture the ironheart preserver!
You kill the ironheart preserver!
Qazlal accepts your kill.
Unknown command.
You sock the deep elf annihilator!
The deep elf annihilator is heavily wounded.
The deep elf annihilator points at you and mumbles some strange words.
The crystal spear hits you!!!
You die...

#...[())...)).....)!/#
###C))().##).....##:)#
#X)))).##.)....##.[#
#(.C≈##...)..##.....)#
#.≈.)##)..(.†##.....}#
###≈.[.(.##)........|#
#[.(.)≈##†☼......./#
.)c##.≈.)°)e...##.?#
..))##).≈(°@○...##.≈#
##.....≈.D.○##†...≈≈#
W.....°§##......#
....##......##....≈.
....#....p.. #......#
..≈.≈. ....#O.O.##
....##... .#≈≈.
.....CO. ....##.... .#
≈. ......###
########## # #
p...C....


You could see a shadow dragon, a vault guard, a deep elf annihilator (empowered)
and a phantasmal warrior.

Vanquished Creatures
  Mennas (Crypt:3)
  An ancient lich (Vaults:5)
  A royal mummy (Crypt:3)
  Frederick (Vaults:2)
  A lich (Vaults:5)
  A tentacled monstrosity (Vaults:5)
  Jorgrun (Snake:3)
  Asterion (Vaults:3)
  A quicksilver dragon (Vaults:5)
  6 titans (Vaults:5)
  A thorn hunter (Swamp:4)
  4 sphinxes
  The ghost of Ousak the Spry, an adept OpTm of Ru (Snake:2)
  3 ancient champions
  2 tengu reavers (Vaults:5)
  A revenant (Crypt:1)
  An azure jelly (Swamp:4)
  10 nagarajas
  Donald (Snake:1)
  2 orc warlords
  14 vault wardens
  6 frost giants
  An iron dragon (Vaults:5)
  3 deep elf sorcerers
  4 fire giants
  2 curse skulls
  A ghoul (Crypt:2)
  Aizul (Swamp:2)
  The ghost of axecop the Fighter, a journeyman DsAK of Lugonu (Orc:1)
  The ghost of Morgon the Impaler, a journeyman FoFi of Hepliaklqana (Orc:1)
  A very ugly thing (Vaults:5)
  17 ironheart preservers
  The ghost of azarias the Earth Mage, a journeyman GrEE of Vehumet (Orc:1)
  A reaper (Crypt:3)
  A war gargoyle (Vaults:5)
  3 stone giants
  2 deep elf demonologists
  2 vampire knights (Crypt:3)
  A minotaur (Gauntlet)
  3 bunyips
  9 purple draconians (WizLab)
  A deep elf annihilator (Vaults:4)
  The ghost of Voleoc the Protected, a journeyman GrFi of Okawaru (Orc:1)
  9 statues (WizLab)
  5 deep elf death magi
  6 ettins
  8 eidola
  A crystal guardian (Vaults:2)
  11 ogre magi
  4 eleionomae
  Josephine (D:11)
  3 jiangshi
  A great orb of eyes (Vaults:2)
  3 mummy priests (Crypt:3)
  2 fire dragons
  A deep elf high priest (Vaults:5)
  Harold (D:10)
  9 hydras
  11 ice dragons
  10 yaktaur captains
  20 naga warriors
  4 boulder beetles
  3 ghost crabs
  33 vault guards
  The ghost of Storm87 the Corrupter of Planes, a journeyman DsAK of Lugonu (Lair:2)
  A rakshasa (Vaults:3)
  A catoblepas (Lair:2)
  19 anacondas
  3 centaur warriors
  3 death knights
  A tengu warrior (D:13)
  12 alligators
  Erica (D:10)
  23 two-headed ogres
  A deep troll shaman (Crypt:1)
  3 vampire magi
  A small abomination (Vaults:4)
  10 death yaks
  9 naga sharpshooters
  8 shock serpents
  An orc high priest (Orc:2)
  Urug (Lair:2)
  2 storm dragon zombies (Crypt:3)
  7 deep elf knights
  3 goliath frogs
  13 skeletal warriors
  A sea snake (Snake:4)
  7 salamander mystics
  2 shadow wraiths
  5 spriggan druids
  2 unseen horrors
  8 deep trolls
  9 naga ritualists
  A wizard (Vaults:3)
  A ghost moth zombie (Crypt:3)
  3 flayed ghosts
  2 swamp dragons
  2 glowing orange brains
  7 deep elf archers
  4 necromancers
  18 ironbrand convokers
  A harpy (shapeshifter) (Gauntlet)
  A wolf spider zombie (Crypt:3)
  36 deep elf magi
  17 bog bodies
  10 phantasmal warriors
  9 harpies (Vaults:2)
  4 lindwurms (Snake:4)
  17 mana vipers
  2 orc sorcerers
  2 oklob plants
  An orb spider (shapeshifter) (Vaults:3)
  8 orc knights
  3 will-o-the-wisps
  A frost giant zombie (Crypt:1)
  An eleionoma zombie (Crypt:3)
  A stone giant zombie (Crypt:3)
  7 cyclopes
  4 wolf spiders
  A fire giant zombie (Crypt:3)
  15 slime creatures
  A manticore (D:14)
  A goliath frog skeleton (Crypt:3)
  33 ugly things
  9 salamanders
  3 ice statues (IceCv)
  15 vault sentinels
  8 elephants (Lair:5)
  7 guardian serpents
  64 black mambas
  A rust devil (Gauntlet)
  3 gargoyles
  Maggie (D:10)
  21 naga magi
  2 shock serpent skeletons
  3 minotaur zombies
  A rime drake (shapeshifter) (Vaults:3)
  A rime drake (Lair:5)
  5 kobold demonologists
  4 spectral deep trolls (Crypt:1)
  A swamp worm zombie (Crypt:1)
  13 cane toads
  11 freezing wraiths
  2 komodo dragons (shapeshifter)
  42 yaktaurs
  A green draconian skeleton (Crypt:2)
  6 komodo dragons
  31 guardian mummies
  A harpy zombie (D:14)
  A queen bee (shapeshifter) (Vaults:2)
  A yaktaur skeleton (Vaults:1)
  10 polar bears
  6 trolls
  A yellow draconian skeleton (Crypt:3)
  A catoblepas skeleton (Crypt:3)
  A polar bear (shapeshifter) (Vaults:5)
  A meliai (shapeshifter) (Gauntlet)
  10 hornets
  10 tyrant leeches
  14 blink frogs
  2 dream sheep (shapeshifter) (Vaults:3)
  A blink frog (shapeshifter) (Vaults:4)
  13 dream sheep
  Sigmund (D:2)
  A satyr zombie (Crypt:1)
  A redback (shapeshifter) (Vaults:3)
  A spriggan (shapeshifter) (Vaults:4)
  A satyr skeleton (Crypt:2)
  14 spriggans
  15 wraiths
  2 vampires
  6 wyverns
  A ynoxinul (Gauntlet)
  9 ushabtiu (Crypt:3)
  47 yaks
  2 human simulacra
  6 basilisks
  Eustachio (D:4)
  9 vampire mosquitoes
  4 swamp worm simulacra (Swamp:4)
  A steam dragon (D:12)
  A torturous demonspawn zombie (Crypt:1)
  21 swamp worms
  43 nagas
  A harpy simulacrum (Vaults:1)
  A merfolk zombie (Crypt:3)
  7 wargs
  Duvessa (D:4)
  3 acid dragons
  2 soldier ants
  13 hydra simulacra
  19 water moccasins
  A swamp drake (Swamp:3)
  A torturous demonspawn skeleton (Crypt:3)
  9 ice beasts
  A two-headed ogre skeleton (Crypt:3)
  38 orc warriors
  6 sky beasts
  An ice beast (shapeshifter) (Vaults:2)
  2 phantoms
  8 black bears
  3 necrophages
  2 eyes of draining
  36 wolves
  23 ogres
  A centaur (shapeshifter) (Vaults:1)
  8 boggarts
  9 centaurs
  A lindwurm skeleton (Crypt:3)
  17 bullfrogs
  7 big kobolds
  Blork the orc (D:4)
  Dowan (D:4)
  A cyclops skeleton (Crypt:3)
  A water moccasin zombie (D:12)
  8 scorpions
  A warg zombie (Crypt:1)
  7 killer bees
  A polar bear skeleton (Crypt:3)
  16 wights
  An elf simulacrum (Vaults:2)
  3 electric eels
  2 bullfrog zombies
  A human zombie (Crypt:1)
  2 centaur zombies
  8 hounds
  2 iron imps (Gauntlet)
  6 bullfrog skeletons
  A gnoll shaman (D:4)
  28 orc priests
  A demonspawn zombie (Crypt:1)
  3 jellies
  6 centaur skeletons
  8 worker ants
  26 orc wizards
  6 iguanas
  A dwarf skeleton (Crypt:3)
  2 hound zombies
  5 hound skeletons
  5 mummies (Crypt:3)
  Robin (D:2)
  12 gnolls
  A howler monkey skeleton (Crypt:2)
  16 adders
  3 shadow imps
  4 white imps
  An ufetubus (D:9)
  3 oozes
  4 swamp drake simulacra (Swamp:4)
  3 adder skeletons
  4 worms
  A barachi skeleton (Crypt:2)
  A dart slug (D:2)
  3 leopard geckos
  105 orcs
  11 bats
  A bat skeleton (Crypt:3)
  6 giant cockroaches
  24 goblins
  14 hobgoblins
  6 jackals
  38 kobolds
  3 quokkas
  5 ball pythons
  3 frilled lizards
  A jackal skeleton (D:4)
  A jackal zombie (D:3)
  A quokka skeleton (D:4)
  10 rats
  A rat skeleton (Crypt:2)
  2 briar patches (Swamp:4)
  3 butterflies
1818 creatures vanquished.

Vanquished Creatures (others)
  4 bloated husks
  A tarantella (shapeshifter) (Vaults:5)
  A spriggan (Swamp:3)
  An orc wizard (Vaults:2)
  A kobold (D:12)
  A briar patch (Swamp:4)
  7 demonic plants (D:10)
  18 foxfires
  24 fungi
  59 plants
117 creatures vanquished.

Grand Total: 1935 creatures vanquished

Notes
Turn   | Place    | Note
-------+----------+-------------------------------------------
     0 | D:1      | rocky1 the Gargoyle Fighter began the quest for the Orb.
     0 | D:1      | Reached XP level 1. HP: 14/14 MP: 1/1
    43 | D:1      | Reached XP level 2. HP: 19/19 MP: 2/2
   174 | D:1      | Reached XP level 3. HP: 19/23 MP: 3/3
  1012 | D:2      | Reached XP level 4. HP: 18/29 MP: 4/4
  1333 | D:2      | Found a shadowy altar of Dithmenos.
  1617 | D:2      | Noticed Sigmund
  1625 | D:2      | Killed Sigmund
  1626 | D:2      | Reached XP level 5. HP: 31/34 MP: 5/5
  1626 | D:2      | Reached XP level 6. HP: 35/39 MP: 6/6
  2049 | D:2      | Noticed Robin
  2058 | D:2      | Killed Robin
  2174 | D:2      | Gained mutation: You are partially covered in large bone
                  | plates. (SH +4) [potion of mutation]
  2174 | D:2      | Gained mutation: You are frail. (-10% HP) [potion of
                  | mutation]
  2174 | D:2      | Gained mutation: You expend magic power (3 MP) to
                  | strengthen your wands. [potion of mutation]
  2175 | D:2      | Reached skill level 10 in Maces & Flails
  2175 | D:2      | Reached XP level 7. HP: 45/45 MP: 7/7
  2176 | D:2      | Reached skill level 5 in Armour
  2176 | D:2      | Reached XP level 8. HP: 50/50 MP: 8/8
  2203 | D:3      | Lost mutation: You are partially covered in large bone
                  | plates. (SH +4) [potion of mutation]
  2203 | D:3      | Lost mutation: You are frail. (-10% HP) [potion of
                  | mutation]
  2203 | D:3      | Gained mutation: You are weak. (Str -2) [potion of
                  | mutation]
  2203 | D:3      | Gained mutation: You are partially covered in iridescent
                  | scales. (AC +2) [potion of mutation]
  2203 | D:3      | Gained mutation: Your large and strong wings let you fly
                  | indefinitely. [potion of mutation]
  2535 | D:3      | Found a sacrificial altar of Ru.
  2541 | D:3      | Found a transporter.
  2558 | D:3      | Found a transporter.
  2699 | D:3      | Found a faded altar of an unknown god.
  2914 | D:4      | Found a staircase to the Ecumenical Temple.
  2921 | Temple   | Entered the Ecumenical Temple
  3137 | Temple   | Became a worshipper of Qazlal Stormbringer
  3167 | D:4      | Noticed Blork the orc
  3177 | D:4      | Noticed Eustachio
  3193 | D:4      | Killed Blork the orc
  3219 | D:4      | Killed Eustachio
  3237 | D:4      | Found Ythrioto's General Store.
  3281 | D:4      | Bought a +1 flail of protection for 134 gold pieces
  3281 | D:4      | Bought a potion of curing for 36 gold pieces
  3281 | D:4      | Bought a potion of curing for 36 gold pieces
  3281 | D:4      | Bought a potion of curing for 36 gold pieces
  3435 | D:4      | Noticed Duvessa
  3438 | D:4      | Noticed Dowan
  3455 | D:4      | Killed Duvessa
  3456 | D:4      | Reached XP level 9. HP: 54/61 MP: 9/9
  3476 | D:4      | Killed Dowan
  3477 | D:4      | Reached skill level 1 in Invocations
  3725 | D:4      | Reached * piety under Qazlal
  3970 | D:4      | Identified the cursed +3 hand axe of the Inquisitive Towns
                  | {vorpal, rElec rPois Will- Str+7}
  4321 | D:5      | Entered Level 5 of the Dungeon
  4329 | D:5      | Reached ** piety under Qazlal
  4338 | D:5      | Found a burning altar of Makhleb.
  4366 | D:5      | Identified the Disquisition on Slavery
  6101 | D:4      | Bought a +2 pair of boots for 198 gold pieces
  6218 | D:7      | You fall into a shaft and drop 2 floors!
  6226 | D:9      | Reached XP level 10. HP: 67/67 MP: 11/11
  6284 | D:9      | Found a flagged portal.
  6290 | D:9      | Reached *** piety under Qazlal
  6337 | D:9      | Reached skill level 10 in Shields
  6343 | Bailey   | Entered a bailey
  6412 | Bailey   | Noticed an orc warlord
  6807 | Bailey   | Found a runed translucent gate.
  6807 | Bailey   | Found a runed translucent gate.
  6814 | Bailey   | Found a runed translucent gate.
  7054 | Bailey   | Killed an orc warlord
  7055 | Bailey   | Reached skill level 10 in Fighting
  7244 | Bailey   | Got an encrusted whip
  7378 | D:9      | Noticed a two-headed ogre
  7387 | D:9      | Killed a two-headed ogre
  7387 | D:9      | Noticed a two-headed ogre
  7420 | D:9      | Killed a two-headed ogre
  7421 | D:9      | Reached XP level 11. HP: 64/73 MP: 4/14
  7743 | D:7      | Found Uxkoira's Armour Emporium.
  7748 | D:7      | Got a steaming war axe
  8072 | D:8      | Found Cotumez's Changing Room.
  8277 | D:8      | Found a blossoming altar of Fedhas.
  8395 | D:8      | Found a staircase to the Lair.
  8416 | D:8      | Reached skill level 5 in Invocations
  8574 | D:8      | Found an iron altar of Okawaru.
  8574 | D:8      | Found a glowing silver altar of Zin.
  8574 | D:8      | Found a white marble altar of Elyvilon.
  8574 | D:8      | Found a broken altar of Ashenzari.
  8637 | D:8      | Found a radiant altar of Vehumet.
  8637 | D:8      | Found a blossoming altar of Fedhas.
  8808 | Lair:1   | Entered Level 1 of the Lair of Beasts
  8846 | Lair:1   | Noticed a four-headed hydra
  8866 | Lair:1   | Killed a four-headed hydra
  8867 | Lair:1   | Noticed a four-headed hydra
  9178 | D:9      | Identified the +7 war axe of Amorality {flame, Int+3} (You
                  | found it on level 7 of the Dungeon)
  9179 | D:9      | Identified the +8 whip of Coxket {venom, *Contam rElec rF++
                  | Stlth+} (You found it in a bailey)
  9311 | D:9      | Found a shimmering altar of Xom.
  9770 | D:10     | Entered Level 10 of the Dungeon
  9779 | D:10     | Got a fine whip
  9790 | D:10     | Noticed Harold
  9812 | D:10     | Killed Harold
 10162 | D:10     | Reached skill level 1 in Axes
 10225 | D:10     | Found a corrupted altar of Lugonu.
 10476 | D:10     | Noticed Maggie
 10493 | D:10     | Killed Maggie
 11070 | D:10     | Noticed Erica
 11077 | D:10     | Killed Erica
 11078 | D:10     | Reached XP level 12. HP: 80/80 MP: 16/16
 11349 | D:11     | Identified 3 scrolls of acquirement
 11605 | D:11     | Noticed Josephine
 11633 | D:11     | Killed Josephine
 11792 | D:11     | Identified the +6 short sword of Amortisation {vamp, +Blink
                  | Dex+4}
 12127 | D:11     | Found a staircase to the Orcish Mines.
 12331 | Orc:1    | Entered Level 1 of the Orcish Mines
 12485 | Orc:1    | Found a runed translucent gate.
 12486 | Orc:1    | Found a runed translucent gate.
 12487 | Orc:1    | Found a runed translucent gate.
 12487 | Orc:1    | Noticed axecop's ghost (journeyman DsAK)
 12488 | Orc:1    | Noticed azarias's ghost (journeyman GrEE)
 12488 | Orc:1    | Noticed Voleoc's ghost (journeyman GrFi)
 12489 | Orc:1    | Noticed Morgon's ghost (journeyman FoFi)
 12679 | Orc:2    | Entered Level 2 of the Orcish Mines
 12679 | Orc:2    | Found a roughly hewn altar of Beogh.
 12743 | Orc:2    | Noticed an orc high priest
 13159 | Orc:2    | Reached **** piety under Qazlal
 13196 | Orc:2    | Noticed an orc warlord
 13283 | D:11     | Killed an orc warlord
 13866 | Orc:2    | Killed an orc high priest
 13925 | Orc:2    | Reached XP level 13. HP: 73/84 MP: 19/19
 13983 | Orc:2    | Found a staircase to the Elven Halls.
 14052 | Orc:2    | Found a roughly hewn altar of Beogh.
 14451 | Orc:2    | Found a roughly hewn altar of Beogh.
 14452 | Orc:2    | Found Zehuqoedgh's Assorted Antiques.
 14469 | Orc:2    | Bought an iridescent dire flail for 306 gold pieces
 15112 | Lair:1   | Identified the cursed +1 whip of Light {speed, rC+} (You
                  | found it on level 10 of the Dungeon)
 15999 | Lair:1   | Acquired a manual of Maces & Flails
 16000 | Lair:1   | Acquired the +4 eveningstar of the Jumping Soothsayer
                  | {antimagic, Str+3}
 16001 | Lair:1   | Acquired a manual of Evocations
 16073 | Lair:2   | Noticed Urug
 16092 | Lair:2   | Killed Urug
 16497 | Lair:2   | Found a runed translucent gate.
 16497 | Lair:2   | Found a runed translucent gate.
 16497 | Lair:2   | Found a runed translucent gate.
 16500 | Lair:2   | Noticed Storm87's ghost (journeyman DsAK)
 16947 | Lair:3   | Found a gate leading to a gauntlet.
 16985 | Gauntlet | Entered a Gauntlet
 16985 | Gauntlet | Found a transporter.
 16985 | Gauntlet | Found a runed translucent gate.
 16985 | Gauntlet | Found a transporter.
 16987 | Gauntlet | Found a runed translucent gate.
 16989 | Gauntlet | Found a transporter.
 16989 | Gauntlet | Found a transporter.
 16990 | Gauntlet | Found a runed translucent gate.
 17017 | Gauntlet | Reached ***** piety under Qazlal
 17043 | Gauntlet | Found a transporter.
 17051 | Gauntlet | Found a runed translucent door.
 17053 | Gauntlet | Found a transporter.
 17055 | Gauntlet | Found a runed translucent door.
 17094 | Gauntlet | Reached skill level 5 in Dodging
 17105 | Gauntlet | Found a transporter.
 17108 | Gauntlet | Found a transporter.
 17108 | Gauntlet | Found a transporter.
 17121 | Gauntlet | Found a transporter.
 17167 | Gauntlet | Found a runed translucent door.
 17169 | Gauntlet | Found a runed translucent door.
 17245 | Gauntlet | Found a transporter.
 17262 | Gauntlet | Reached skill level 10 in Invocations
 17267 | Gauntlet | Mutation became permanent: Your large and strong wings let
                  | you fly indefinitely. [Gargoyle growth]
 17267 | Gauntlet | Gained mutation: Your large and strong wings let you fly
                  | indefinitely. [Gargoyle growth]
 17267 | Gauntlet | Reached XP level 14. HP: 78/90 MP: 21/21
 17393 | Gauntlet | Found a transporter.
 17399 | Gauntlet | Got a heavily runed ivory ring
 18488 | Lair:3   | Found a staircase to the Swamp.
 18729 | Lair:4   | Got a brightly glowing ring mail
 18946 | Lair:4   | Found a staircase to the Snake Pit.
 19816 | Lair:4   | Identified the cursed +1 ring mail of Sorcery {Int+4 Dex+3}
                  | (You found it on level 4 of the Lair of Beasts)
 19911 | Lair:1   | Acquired the +8 eveningstar of Puxtei {holy, rPois Int+4}
 19993 | Lair:1   | Identified the ring of Vouvim {rPois rF+++ rC- rN++ Str-5}
                  | (You found it in a Gauntlet)
 20827 | Lair:1   | Lost mutation: You are weak. (Str -2) [potion of mutation]
 20827 | Lair:1   | Gained mutation: Your body sometimes deteriorates upon
                  | taking damage. [potion of mutation]
 20827 | Lair:1   | Gained mutation: Your mind is acute. (Int +2) [potion of
                  | mutation]
 20828 | Lair:1   | Lost mutation: Your body sometimes deteriorates upon taking
                  | damage. [potion of mutation]
 20828 | Lair:1   | Lost mutation: You expend magic power (3 MP) to strengthen
                  | your wands. [potion of mutation]
 20828 | Lair:1   | Lost mutation: Your mind is acute. (Int +2) [potion of
                  | mutation]
 20828 | Lair:1   | Gained mutation: Your body sometimes deteriorates upon
                  | taking damage. [potion of mutation]
 20828 | Lair:1   | Gained mutation: You possess an exceptional clarity of
                  | mind. [potion of mutation]
 20828 | Lair:1   | Gained mutation: You have supernaturally acute eyesight.
                  | (SInv) [potion of mutation]
 21115 | Lair:5   | Found a staircase to the Slime Pits.
 21116 | Lair:5   | Found a viscous altar of Jiyva.
 21798 | Lair:6   | Entered Level 6 of the Lair of Beasts
 22058 | Lair:6   | Reached XP level 15. HP: 96/97 MP: 23/23
 22161 | Lair:6   | Reached ****** piety under Qazlal
 23216 | Snake:1  | Entered Level 1 of the Snake Pit
 23218 | Snake:1  | Noticed Donald
 23259 | Snake:1  | Reached skill level 15 in Maces & Flails
 23444 | Snake:1  | Killed Donald
 23675 | Lair:1   | Acquired 668 gold pieces
 23835 | Lair:2   | Killed Storm87's ghost
 23846 | Lair:2   | Got a warped scimitar
 23859 | Lair:2   | Identified the cursed +0 scimitar of Ihoiptor {speed, *Slow
                  | +Inv Dex+4} (You found it on level 2 of the Lair of Beasts)
 24102 | Orc:1    | Killed Voleoc's ghost
 24107 | Orc:1    | Killed azarias's ghost
 24115 | Orc:1    | Killed Morgon's ghost
 24139 | Orc:1    | Killed axecop's ghost
 24301 | Orc:2    | Found a roughly hewn altar of Beogh.
 24303 | Orc:2    | Found Eggamm's Book Emporium.
 24343 | Orc:2    | Found a roughly hewn altar of Beogh.
 24391 | Orc:2    | Found Kiciynes's Antique Armour Boutique.
 24395 | Orc:2    | Found a roughly hewn altar of Beogh.
 24398 | Orc:2    | Found Kocadoet's Antique Weapon Shop.
 24451 | Orc:2    | Found a roughly hewn altar of Beogh.
 24788 | Orc:2    | Bought a scroll of teleportation for 102 gold pieces
 24788 | Orc:2    | Bought a scroll labelled EPSYM JIN BOM for 34 gold pieces
 24788 | Orc:2    | Bought a silvery potion for 30 gold pieces
 24788 | Orc:2    | Bought a potion of curing for 102 gold pieces
 24788 | Orc:2    | Bought a wand of paralysis (5) for 68 gold pieces
 25263 | D:12     | Reached skill level 10 in Armour
 25896 | D:12     | Found Bank's Gadget Shop.
 26496 | D:13     | Found a frozen archway.
 26532 | IceCv    | Entered an ice cave
 26656 | IceCv    | Reached XP level 16. HP: 104/104 MP: 24/24
 26709 | IceCv    | Got a pitted glaive
 26761 | IceCv    | Got spiked ice dragon scales
 26772 | IceCv    | Identified the cursed +0 ice dragon scales of the Turtle
                  | {*Drain rElec rF- rC++ Str+6 Stlth+} (You found it in an
                  | ice cave)
 26902 | D:13     | Found Pearheq's Assorted Antiques.
 26915 | D:13     | Bought a scroll labelled KAIJAA PANANO for 35 gold pieces
 26915 | D:13     | Bought a runed chain mail for 262 gold pieces
 26915 | D:13     | Bought a potion of heal wounds for 175 gold pieces
 26915 | D:13     | Bought a scroll of identify for 70 gold pieces
 27312 | D:14     | Found a gate to the Vaults.
 27614 | D:14     | Reached skill level 15 in Shields
 27950 | D:14     | Found a portal to a secret trove of treasure.
 28065 | D:14     | Reached skill level 1 in Evocations
 28335 | D:15     | Entered Level 15 of the Dungeon
 28520 | D:15     | Found a staircase to the Depths.
 29599 | Swamp:1  | Entered Level 1 of the Swamp
 30214 | Swamp:2  | Noticed Aizul
 30231 | Swamp:2  | Killed Aizul
 30232 | Swamp:2  | Reached XP level 17. HP: 100/110 MP: 20/26
 30456 | Swamp:2  | Reached skill level 5 in Evocations
 31403 | Swamp:4  | Entered Level 4 of the Swamp
 31855 | Swamp:4  | Got a decaying rune of Zot
 33690 | Snake:2  | Reached XP level 18. HP: 79/118 MP: 4/28
 33736 | Snake:2  | Reached skill level 15 in Fighting
 33964 | Snake:2  | Noticed Ousak's ghost (adept OpTm)
 33975 | Snake:2  | Found a runed translucent gate.
 33975 | Snake:2  | Found a runed translucent gate.
 33975 | Snake:2  | Found a runed translucent gate.
 34270 | Snake:2  | Found a shimmering altar of Xom.
 34350 | Snake:2  | Reached skill level 10 in Dodging
 34370 | Snake:2  | Killed Ousak's ghost
 34789 | Snake:3  | Noticed Jorgrun
 34804 | Snake:3  | Killed Jorgrun
 35172 | Snake:4  | Entered Level 4 of the Snake Pit
 35183 | Snake:4  | Reached skill level 10 in Evocations
 35604 | Snake:4  | Found Quipreach's Gadget Emporium.
 35605 | Snake:4  | Found Gaaqaip's Jewellery Boutique.
 35607 | Snake:4  | Found Daifam's Gadget Emporium.
 35658 | Snake:4  | Reached XP level 19. HP: 124/124 MP: 30/30
 35674 | Snake:4  | Bought a wand of disintegration (20) for 408 gold pieces
 35678 | Snake:4  | Bought a phial of floods for 480 gold pieces
 36502 | Snake:4  | Reached skill level 15 in Invocations
 36632 | Snake:4  | Reached skill level 5 in Axes
 36750 | Snake:4  | Got a serpentine rune of Zot
 37294 | Vaults:1 | Entered Level 1 of the Vaults
 38383 | Vaults:1 | Found Fenul's Assorted Antiques.
 38394 | Vaults:1 | Bought a staff of earth for 550 gold pieces
 38394 | Vaults:1 | Bought a scroll of magic mapping for 77 gold pieces
 38394 | Vaults:1 | Bought a scroll of holy word for 165 gold pieces
 38448 | Vaults:1 | Reached XP level 20. HP: 132/132 MP: 31/31
 39190 | Vaults:2 | Found Qapredol's Armour Shoppe.
 39210 | Vaults:2 | Found Itink's Jewellery Shoppe.
 39378 | Vaults:2 | Found a magical portal.
 39383 | WizLab   | Entered Iskenderun's Mystic Tower
 40694 | WizLab   | Identified Iskenderun's Tome of Confrontation
 40694 | WizLab   | Identified Iskenderun's Almanac of Combat Magic
 41313 | Vaults:2 | Gained mutation: You do not regenerate when monsters are
                  | visible. [a neqoxec]
 41315 | Vaults:2 | Reached skill level 15 in Armour
 41316 | Vaults:2 | Gained mutation: You occasionally shout uncontrollably at
                  | your foes. [a neqoxec]
 41411 | Vaults:2 | Found Wudug's Jewellery Emporium.
 41418 | Vaults:2 | Bought the ring of Izoaguax {rN+ Will+ Str+6} for 585 gold
                  | pieces
 41643 | D:8      | Bought a potion of mutation for 128 gold pieces
 41644 | D:8      | Lost mutation: You occasionally shout uncontrollably at
                  | your foes. [potion of mutation]
 41644 | D:8      | Lost mutation: You do not regenerate when monsters are
                  | visible. [potion of mutation]
 41644 | D:8      | Lost mutation: Your body sometimes deteriorates upon taking
                  | damage. [potion of mutation]
 41644 | D:8      | Gained mutation: Potions are less effective at restoring
                  | your health. [potion of mutation]
 41644 | D:8      | Gained mutation: You are frail. (-10% HP) [potion of
                  | mutation]
 41644 | D:8      | Gained mutation: You expend magic power (3 MP) to
                  | strengthen your wands. [potion of mutation]
 42258 | Vaults:2 | Noticed Frederick
 42271 | Vaults:2 | Killed Frederick
 42642 | Vaults:3 | Identified the +0 kite shield of Festuenk {rF+ rC+}
 42642 | Vaults:3 | Noticed Asterion
 42667 | Vaults:3 | Reached XP level 21. HP: 118/124 MP: 24/33
 42685 | Vaults:3 | Killed Asterion
 43367 | Vaults:3 | Found a staircase to the Crypt.
 43781 | Vaults:3 | Got a jewelled helmet
 43785 | Vaults:3 | Identified the +1 helmet of Xigos {rF+ Int+4 Dex+4} (You
                  | found it on level 3 of the Vaults)
 44624 | Crypt:1  | Entered Level 1 of the Crypt
 45415 | Crypt:2  | Found a basalt altar of Yredelemnul.
 45547 | Crypt:3  | Entered Level 3 of the Crypt
 46734 | Crypt:3  | Reached XP level 22. HP: 121/130 MP: 34/34
 46783 | Crypt:3  | Paralysed by a sphinx for 3 turns
 47254 | Crypt:3  | Found a staircase to the Tomb.
 47326 | Crypt:3  | Noticed Mennas
 47328 | Crypt:3  | Killed Mennas
 47717 | Crypt:3  | Identified the amulet "Baim" {Reflect +Blink Will++ Int-4
                  | Slay+6 SH+5}
 47727 | Crypt:3  | Noticed a royal mummy
 47737 | Crypt:3  | Killed a royal mummy
 47740 | Crypt:3  | Identified the cursed ring "Foij" {*Contam Str-4 SInv
                  | Stlth+}
 47955 | Crypt:3  | Got a bound copper ring
 47955 | Crypt:3  | Got a coiled steel ring
 48179 | Crypt:3  | Identified the Papyrus of the Forgotten Shrikes
 48388 | Crypt:3  | Found the +9 sword of Zonguldrok {reap}
 48534 | Crypt:3  | Got a shimmering hand axe
 49059 | Lair:1   | Identified the +9 hand axe of Ziyshak {protect, +Blink
                  | rElec Str+4 Dex+4} (You found it on level 3 of the Crypt)
 49060 | Lair:1   | Identified the ring "Buugiath" {rN+ Int+3 Dex+2} (You found
                  | it on level 3 of the Crypt)
 49061 | Lair:1   | Identified the ring of Fikhleudo {*Slow rN+ Str+2 Dex+4
                  | Stlth+} (You found it on level 3 of the Crypt)
 50647 | Vaults:4 | Reached skill level 10 in Axes
 50872 | Vaults:4 | Reached XP level 23. HP: 136/136 MP: 35/35
 51090 | Vaults:5 | Entered Level 5 of the Vaults
 51307 | Vaults:5 | Noticed an ancient lich
 51440 | Vaults:5 | Killed an ancient lich
 51491 | Vaults:5 | Killed from afar by a deep elf annihilator

Illustrated notes

Levels and vault maps discovered:
D:1:      wheals_arrival_linesprint, layout_basic
D:2:      layout_loops_ring, lemuel_round_altar, uniq_robin, uniq_sigmund
D:3:      layout_rooms, gammafunk_temple_overflow_arena,
          chequers_ecumenical_altar_lobes
D:4:      cheibrodos_barr_body, layout_gridville,
          minmay_temple_entry_enclosed_plants, serial_shops, shop,
          uniq_blork_the_orc, uniq_duvessa, uniq_eustachio
D:5:      layout_basic, lemuel_crystal_altar
D:6:      layout_gridville
D:7:      layout_basic, serial_shops, shop, kennysheep_generic_room_5
D:8:      layout_rooms, minmay_overflow_temple_hex, david_lair_generic,
          basic_altar, kennysheep_big_empty_room, nicolae_transmutations_shop
D:9:      layout_irregular_city, lemuel_doored_altar, serial_glass,
          glass_columns_a, glass_columns_a, enter_bailey_5
D:10:     kennysheep_kobold_lugonu_temple, layout_basic, uniq_erica,
          uniq_maggie, uniq_harold
D:11:     layout_loops_corners, orc_0_dummy, uniq_josephine
D:12:     layout_loops_ring, serial_shops, shop_coins
D:13:     layout_roguey, serial_shops, shop,
          portal_ice_cave_entry_animals_and_master
D:14:     layout_cave_pools, erik_vaults_2, enter_trove_5,
          kennysheep_cross_bottleneck
D:15:     grunt_enter_depths_hoard, layout_gridville,
          hangedman_abyss_or_decor_stagger
Temple:   hc_temple_tempest_star
Lair:1:   layout_regular_city, hangedman_lair_unloving_vines, grunt_megastairs_5
Lair:2:   layout_gridlike, gammafunk_ghost_hydra_chop, uniq_urug
Lair:3:   layout_long_grid, nicolae_swamp_entry_splash_gauntlet,
          gauntlet_entry_generic, grunt_forest_small_clearing_treed,
          lemuel_fruit_fields
Lair:4:   layout_gridlike, guppyfry_snake_entry_garden,
          minmay_lair_oklob_bushes, lemuel_fruit_fields
Lair:5:   layout_cave_pods, slime_altar_1, serial_bayou_shore_a
Lair:6:   minmay_lair_end_enchanted_forest, layout_cave_pods, serial_rivers,
          chequers_serial_rivers_micro_b, chequers_serial_rivers_small_b,
          chequers_serial_rivers_room_a, chequers_serial_rivers_marsh,
          chequers_serial_rivers_micro_e, chequers_serial_rivers_micro_a
Swamp:1:  layout_basic_swamp, hangedman_swamp_pad
Swamp:2:  layout_basic_swamp, evilmike_swamp_ruin_house_6, uniq_aizul
Swamp:3:  layout_basic_swamp, serial_swamp_ruin, evilmike_swamp_ruin_house_3,
          evilmike_swamp_ruin_rubble_2
Swamp:4:  swamp_icy, layout_basic_swamp, swamp_pool2
Snake:1:  layout_misc_corridors, uniq_donald
Snake:2:  layout_onion, basic_altar, gammafunk_ghost_split, grunt_ministairs_9,
          evilmike_ambush [evilmike_ambush_outer_pillars,
          evilmike_ambush_inner_basic]
Snake:3:  layout_misc_corridors, statue_in_the_mist_lemuel, uniq_jorgrun
Snake:4:  snake_pit_salamanders_mu, layout_cave_town, nicolae_snake_springs,
          grunt_megastairs_1, minmay_shop_grove
Orc:1:    layout_caves, gammafunk_ghost_cemetery
Orc:2:    grunt_orc_community_town_hall, layout_caves,
          grunt_orc_community_big_house_1, grunt_orc_community_big_house_1,
          grunt_orc_community_house_2, grunt_orc_community_house_3,
          grunt_orc_community_house_1, grunt_orc_community_house_2, basic_altar,
          mines3_lemuel
Vaults:1: v_rooms_1, nicolae_vaults_windows_and_doors_thing,
          nicolae_vaults_little_ls, vaults_room_mumra_shop_pool, st_cross,
          nicolae_vaults_mini_display_case, layout_vaults_quadrants
Vaults:2: vaults_room_grid, v_misc_8, hangedman_vaults_stitches,
          hangedman_vaults_stagger, ontoclasm_vaults_misaligned,
          nicolae_vaults_alarming, nicolae_vaults_yaktaur_gun_rack, v_misc_28,
          ontoclasm_vaults_eye, ontoclasm_vaults_bender, vaults_room_pool,
          nicolae_vaults_little_squares_5, layout_vaults_ring, serial_shops,
          shop, nicolae_shop_crystal, shop, mu_enter_wizlab_7, uniq_frederick
Vaults:3: grunt_vaults_twisty, grunt_vaults_hallway_short,
          nicolae_vaults_stairing_the_circle, nicolae_vaults_triangles,
          vaults_mumra_lcd, vaults_dpeg_diagonal,
          nicolae_vaults_little_squares_6, v_pattern_5, st_check,
          ontoclasm_vaults_chip, minmay_crypt_entry_simple_sparse,
          vaults_dpeg_ring, layout_vaults_chaotic_city, uniq_margery,
          uniq_asterion
Vaults:4: nicolae_vaults_little_squares_1, nicolae_vaults_shelves_hall,
          ontoclasm_vaults_misaligned, ontoclasm_vaults_ring_small,
          vaults_room_glass_cross, grunt_vaults_hallway_short, v_misc_14,
          v_misc_33, v_misc_5, grunt_vaults_focal,
          nicolae_vaults_little_squares_2, nicolae_vaults_big_ls,
          ontoclasm_vaults_shuriken, ontoclasm_vaults_twist,
          ontoclasm_vaults_gateway, layout_vaults_big_cross
Vaults:5: uniq_saint_roka
Crypt:1:  layout_rooms, st_stairs_1, skrybe_necro_troll_1
Crypt:2:  layout_basic, basic_altar, minivault_27, grunt_megastairs_4,
          roderic_lattice_octagonal_star, lemuel_elevator
Crypt:3:  due_elkab, layout_chaotic_city, tomb_entry_simple_bobbens, uniq_mennas

Skill      XL: |  1  2  3  4  5  6  7  8  9 10 11 12 13 14 15 16 17 18 19 20 21 22 23 |
---------------+----------------------------------------------------------------------+-----
Maces & Flails | 3 4 10 11 12 13 14 15 | 15.8
Fighting       | 4 8 9 10 11 12 13 14 15 16 17 18 | 18.7
Shields        | 4 8 9 10 11 13 14 15 16 | 16.0
Armour         | 5 6 7 9 10 11 12 13 14 15 16 17 | 17.2
Dodging        | 2 3 4 5 6 7 8 9 10 11 12 13 | 13.6
Invocations    | 2 4 6 8 10 11 12 13 14 15 16 17 18 | 18.0
Axes           | 1 3 5 7 8 10 | 10.8
Evocations     | 4 8 10 11 12 13 14 | 14.3
Slings         | |  0.1

Action                   |  1- 3 |  4- 6 |  7- 9 | 10-12 | 13-15 | 16-18 | 19-21 | 22-24 || total
-------------------------+-------+-------+-------+-------+-------+-------+-------+-------++-------
Melee: Flail             |    91 |   114 |   469 |   456 |       |       |       |       ||  1130
       Whip              |       |       |       |   646 |   748 |       |       |       ||  1394
       Eveningstar       |       |       |       |       |   664 |  1321 |  1376 |   628 ||  3989
       War axe           |       |       |       |       |       |       |       |    36 ||    36
 Fire: Hunting sling     |       |       |     4 |       |       |       |       |       ||     4
Throw: Boomerang         |       |       |       |    69 |       |       |       |       ||    69
       Dart              |       |       |       |     4 |       |       |       |       ||     4
Invok: Upheaval          |       |       |       |    11 |     8 |     6 |    18 |     4 ||    47
       Disaster Area     |       |       |       |       |       |     2 |     1 |     9 ||    12
 Abil: Fly               |       |       |       |     1 |       |     1 |       |       ||     2
       Stop Flying       |       |       |       |     1 |       |       |       |     1 ||     2
Evoke: Wand              |       |       |       |       |     1 |       |     1 |       ||     2
       Lightning rod     |       |       |       |       |       |       |       |     1 ||     1
       Condenser vane    |       |       |       |       |       |       |       |     1 ||     1
  Use: Potion            |       |     3 |     3 |     1 |    10 |     1 |     3 |     9 ||    30
       Scroll            |       |     1 |    11 |     7 |    14 |    10 |     3 |    11 ||    57
 Stab: Distracted        |       |       |       |       |       |     1 |       |       ||     1
       Fleeing           |       |       |       |       |       |       |     1 |       ||     1
Armor: Scale mail        |    58 |    53 |   146 |   298 |   145 |       |       |       ||   700
       Ring mail         |       |       |       |       |   128 |       |       |       ||   128
       Plate armour      |       |       |       |       |     3 |     7 |       |       ||    10
       Ice dragon scales |       |       |       |       |       |   464 |   308 |   166 ||   938
Dodge: Dodged            |    38 |    35 |    83 |   250 |   247 |   376 |   340 |   142 ||  1511
       Repelled          |       |       |       |       |    11 |    21 |    24 |     4 ||    60
Block: Kite shield       |    55 |    44 |   246 |   719 |  1068 |  1340 |  1206 |   613 ||  5291
       Reflection        |       |       |       |       |    12 |    72 |   131 |    26 ||   241
